 Dungeon Crawl Stone Soup version 0.31-a0-221-gbddc013574 (webtiles) character file.

Game seed: 17653210186540736953

154 qw the Shooter (level 5, -1/45 HPs)
             Began as a Minotaur Hexslinger on July 4, 2023.
             Slain by a gnoll
             ... wielding a +0 flail
              (4 damage)
             ... on level 3 of the Dungeon.
             The game lasted 00:00:42 (1787 turns).

qw the Shooter (Minotaur Hexslinger)                Turns: 1787, Time: 00:00:42

Health: -1/45      AC:  2    Str: 13    XL:     5   Next: 13%
Magic:  5/5        EV: 12    Int: 10    God:
Gold:   183        SH:  0    Dex: 14    Spells: 5/6 levels left

rFire   . . .        Y - +1 sling
rCold   . . .        (no shield)
rNeg    . . .        c - +0 robe
rPois   .            (helmet restricted)
rElec   .            (no cloak)
rCorr   .            (no gloves)
SInv    .            (no boots)
Will    .....        (no amulet)
Stlth   +            (no ring)
HPRegen 0.27/turn    (no ring)
MPRegen 0.09/turn

%: no passive effects
@: no status effects
A: horns 2, retaliatory headbutt
a: no special abilities


You were on level 3 of the Dungeon.
You visited 1 branch of the dungeon, and saw 3 of its levels.

You collected 183 gold pieces.


Innate Abilities, Weirdness & Mutations

You have a pair of horns on your head.
You reflexively headbutt those who attack you in melee.


   Skills:
 - Level 3.0 Fighting
 + Level 5.2 Ranged Weapons
 - Level 2.1 Dodging
 - Level 1.0 Spellcasting
 - Level 2.0 Hexes


You had 5 spell levels left.
You knew the following spells:

 Your Spells              Type           Power      Damage    Failure   Level
a - Slow                  Hex            16%        N/A       16%         1

Your spell library contained the following spells:

 Spells                   Type           Power      Damage    Failure   Level
 Inner Flame              Hex/Fire       2%         N/A       56%         3
 Portal Projectile        Hex/Tloc       4%         N/A       56%         3
 Cause Fear               Hex            2%         N/A       83%         4

Inventory:

Hand Weapons
 Y - a +1 sling (weapon)
Armour
 a - a +1 pair of boots
 c - a +0 robe (worn)
Jewellery
 e - a ring of magical power
Scrolls
 d - a scroll of brand weapon {unknown}
 f - a scroll of amnesia {unknown}
 h - a scroll of revelation {unknown}
Potions
 b - a potion of haste {unknown}
 g - a potion of lignification {unknown}

Dungeon Overview and Level Annotations

Branches:
Dungeon (3/15)

Altars:

Shops:
D:3 =


Message History

Enter note:
Enter note:
Enter note:
Enter note:
Enter note: You shoot a sling bullet.
The sling bullet hits the rat.
You kill the rat!
You shoot a sling bullet. The sling bullet hits the gnoll.
The gnoll is moderately wounded.
You shoot a sling bullet. The sling bullet hits the gnoll.
The gnoll is moderately wounded.
You shoot a sling bullet. The sling bullet hits the gnoll.
The gnoll is almost dead.
The gnoll misses you. You furiously retaliate!
You headbutt the gnoll.
You kill the gnoll!
You have reached level 5!
You shoot a sling bullet. The sling bullet hits the gnoll.
The gnoll is moderately wounded.
You shoot a sling bullet. The sling bullet hits the gnoll!
The gnoll is almost dead.
You shoot a sling bullet.
The sling bullet barely misses the gnoll.
The gnoll hits you with a +0 club!
You shoot a sling bullet.
The sling bullet hits the gnoll but does no damage.
The gnoll is almost dead.
The gnoll hits you with a +0 flail! The gnoll hits you with a +0 club!
You shoot a sling bullet. The sling bullet hits the gnoll.
You kill the gnoll!
The gnoll hits you with a +0 flail.
You shoot a sling bullet.
The sling bullet barely misses the gnoll.
The gnoll closely misses you.
You shoot a sling bullet. The sling bullet hits the gnoll.
The gnoll is heavily wounded.
The gnoll hits you with a +0 flail!
You shoot a sling bullet.
The sling bullet barely misses the gnoll.
The gnoll hits you with a +0 flail! The gnoll hits you with a +0 flail.
You die...

#.#.#.## .#
#.##.#..## ?.
........#.# #.
###.##.##.##### #.
###.#.#.###... #.
#...........## #.
#.###.####..#
#.#g####.###.# #..#
##.)@...#.##.# #..#
................#
#..##
..#.#.......#####
#...# #. #.#####.#
##..# #. #.## #..#
#.#####..## #..#
........#.#######..#
..#####.............
#.##########.#


You could see a gnoll.

Vanquished Creatures
  2 gnolls (D:3)
  8 adders
  2 dart slugs (D:3)
  2 worms
  5 endoplasms
  2 giant cockroaches
  5 goblins
  5 hobgoblins
  3 quokkas
  4 ball pythons
  5 bats
  5 frilled lizards
  6 kobolds
  3 rats
57 creatures vanquished.

Notes
Turn   | Place    | Note
-------+----------+-------------------------------------------
     0 | D:1      | qw the Minotaur Hexslinger began the quest for the Orb.
     0 | D:1      | Reached XP level 1. HP: 16/16 MP: 1/1
     0 | D:1      | 0 ||| qw: Version: 0.3-a-41-g9d075ac
     0 | D:1      | 0 ||| qw: Game counter: 821
     0 | D:1      | 0 ||| qw: Melee chars always use a shield: true
     0 | D:1      | 0 ||| qw: God list: Okawaru
     0 | D:1      | 0 ||| qw: Allow faded altars: false
     0 | D:1      | 0 ||| qw: Do Orc after clearing Dungeon:15 true
     0 | D:1      | 0 ||| qw: Do second Lair branch before Depths: true
     0 | D:1      | 0 ||| qw: Lair rune preference: random
     0 | D:1      | 0 ||| qw: Goals: Normal
     0 | D:1      | 0 ||| PLANNING D:1-11
   145 | D:1      | Found a faded altar of an unknown god.
   280 | D:1      | Reached skill level 3 in Ranged Weapons
   335 | D:1      | Reached XP level 2. HP: 23/23 MP: 2/2
   619 | D:1      | 619 ||| DROPPING scarf of harm.
   620 | D:1      | 620 ||| READING scroll labelled LAMEXT XIEWA.
   621 | D:1      | 621 ||| READING scroll labelled ZOMIAT CYUMESH.
   625 | D:1      | 625 ||| DROPPING scroll of poison.
   749 | D:2      | Reached XP level 3. HP: 29/29 MP: 3/3
   779 | D:2      | Reached skill level 4 in Ranged Weapons
   983 | D:2      | Reached XP level 4. HP: 34/36 MP: 4/4
  1132 | D:2      | 1132 ||| READING scroll labelled ECROOSS AXETIN.
  1133 | D:2      | 1133 ||| DRINKING 2 viscous yellow potions.
  1134 | D:2      | 1134 ||| DROPPING potion of brilliance.
  1330 | D:3      | Found Etirel's Jewellery Shop.
  1333 | D:3      | 1333 ||| SHOPLISTING +6 ring of strength (504 gold, have
                  | 141).
  1333 | D:3      | 1333 ||| SHOPLISTING amulet of faith (560 gold, have 141).
  1333 | D:3      | 1333 ||| SHOPLISTING amulet of reflection (420 gold, have
                  | 141).
  1333 | D:3      | 1333 ||| SHOPLISTING amulet of the acrobat (420 gold, have
                  | 141).
  1333 | D:3      | 1333 ||| SHOPLISTING ring of ice (350 gold, have 141).
  1333 | D:3      | 1333 ||| SHOPLISTING ring of willpower (350 gold, have
                  | 141).
  1396 | D:3      | Reached skill level 5 in Ranged Weapons
  1644 | D:3      | Reached skill level 3 in Fighting
  1780 | D:3      | Reached XP level 5. HP: 45/45 MP: 5/5
  1786 | D:3      | HP: 10/45 [gnoll/+0 flail (8)]
  1787 | D:3      | HP: 3/45 [gnoll/+0 flail (7)]
  1787 | D:3      | Slain by a gnoll

Levels and vault maps discovered:
D:1:      psy_arrival_dodecagon, layout_basic,
          dilly_ecumenical_altar_fadedgnrine
D:2:      layout_basic
D:3:      layout_loops_ring, serial_shops, shop

Skill      XL: |  1  2  3  4 |
---------------+-------------+-----
Ranged Weapons | 3 4 5 |  5.2
Fighting       | 2 3 |  3.0
Dodging        | |  2.1
Spellcasting   | |  1.0
Hexes          | |  2.0

Action                     |  1- 3 |  4- 6 || total
---------------------------+-------+-------++-------
   Fire: Sling             |    75 |    96 ||   171
    Use: Scroll            |     2 |     1 ||     3
         Potion            |       |     1 ||     1
 Armour: Robe              |     6 |     3 ||     9
  Dodge: Dodged            |    20 |    23 ||    43

Table legend:
 A = Non-vault XP
 B = Vault XP
 C = Vault XP percentage of total XP
 D = Non-vault monster count
 E = Vault monster count
 F = Vault count percentage of total count
                 A         B        C        D         E       F
            +---------+---------+-------+---------+---------+-------
      Total |     220 |       0 |   0.0 |      57 |       0 |   0.0
            +---------+---------+-------+---------+---------+-------
        D:1 |      18 |       0 |   0.0 |      12 |       0 |   0.0
        D:2 |      96 |       0 |   0.0 |      23 |       0 |   0.0
        D:3 |     106 |       0 |   0.0 |      22 |       0 |   0.0
            +---------+---------+-------+---------+---------+-------
